 Dungeon Crawl Stone Soup version 0.29-a0-384-g6960b1960d (webtiles) character file.

Game seed: 15542093459192603989

5 Antichthon the Skirmisher (level 1, -2/14 HPs)
             Began as a Gargoyle Fighter on May 6, 2022.
             Slain by a gnoll
             ... wielding a +0 flail
              (10 damage)
             ... on level 1 of the Dungeon.
             The game lasted 00:00:14 (126 turns).

Antichthon the Skirmisher (Gargoyle Fighter)         Turns: 126, Time: 00:00:15

Health: -2/14      AC:  9    Str: 19    XL:     1   Next: 80%
Magic:  1/1        EV:  9    Int:  8    God:
Gold:   0          SH:  4    Dex:  9    Spells: 0/0 levels left

rFire   . . .      SeeInvis .   a - +0 flail
rCold   . . .      Faith    .   c - +0 buckler
rNeg    + . .      Spirit   .   b - +0 scale mail
rPois   ∞          Reflect  .   (no helmet)
rElec   +          Harm     .   (no cloak)
rCorr   .          Rampage  .   (no gloves)
Will    .....                   (no boots)
Stlth   ..........              (no amulet)
HPRegen 0.04/turn               (no ring)
MPRegen 0.07/turn               (no ring)

@: no status effects
A: sickness immunity, AC +2, negative energy resistance 1, electricity
resistance, torment resistance 1, petrification resistance
a: no special abilities


You were on level 1 of the Dungeon.
You visited 1 branch of the dungeon, and saw 1 of its levels.

Inventory:

Hand Weapons
 a - a +0 flail (weapon)
Armour
 b - a +0 scale mail (worn)
 c - a +0 buckler (worn)
Potions
 d - a potion of might


   Skills:
 * Level 3.4 Fighting
 * Level 2.0 Maces & Flails
 * Level 3.4 Armour
 * Level 3.3 Shields


You couldn't memorise any spells.
You didn't know any spells.
Your spell library was empty.

Dungeon Overview and Level Annotations

Branches:
Dungeon (1/15)

Altars:


Innate Abilities, Weirdness & Mutations

You are immune to sickness and miasma.
Your stone body is resilient. (AC +2)
You are immune to poison.
You resist negative energy. (rN+)
You are resistant to electric shocks. (rElec)
You are resistant to unholy torment.
You are immune to petrification.


Message History

A goblin comes into view. It is wielding a +0 dagger.
The endoplasm closely misses you.
You hit the endoplasm.
The endoplasm is lightly wounded.
The endoplasm freezes you.
You are frozen.
You sock the endoplasm!
You kill the endoplasm!
The rat barely misses you.
A gnoll comes into view. It is wielding a +0 flail.
The gnoll shouts!
The rat bites you but does no damage. The rat closely misses you.
The rat attacks as you move away! The rat barely misses you.
The goblin closely misses you. The rat attacks as you move away!
The rat closely misses you.
You barely miss the rat. The rat barely misses you. You block the rat's attack.
You hit the rat.
You kill the rat!
You sock the goblin!
You kill the goblin!
A rat comes into view.
The gnoll closely misses you.
Things that are here:
a +0 dagger; a rat corpse You completely miss the gnoll.
The gnoll barely misses you.
The rat twitches its whiskers.
The gnoll hits you but does no damage.
You hit the gnoll.
The gnoll is heavily wounded.
A frilled lizard comes into view.
The gnoll hits you but does no damage.
You hit the gnoll.
The gnoll is almost dead.
The gnoll hits you with a +0 flail.
You barely miss the gnoll.
The gnoll is almost dead.
The gnoll hits you with a +0 flail!
Ouch! That really hurt!
You die...

............. #.
#...[.....# ##.
#....l....# #..
###.........# #..
............### #..
............... #..
.......r.###### ##..
###...#g## #...
#...#@#############...
#.. #.................
### ##############...#
#.... #.#.# #...#
#####


You could see a gnoll, a frilled lizard and a rat.

Vanquished Creatures
  An endoplasm (D:1)
  A goblin (D:1)
  A kobold (D:1)
  A frilled lizard (D:1)
  A rat (D:1)
5 creatures vanquished.

Notes
Turn   | Place    | Note
-------+----------+-------------------------------------------
     0 | D:1      | Antichthon the Gargoyle Fighter began the quest for the
                  | Orb.
     0 | D:1      | Reached XP level 1. HP: 14/14 MP: 1/1
   126 | D:1      | Slain by a gnoll

Illustrated notes

Levels and vault maps discovered:
D:1:      amcnicky_arrival_flooded_fountain, layout_loops_ring,
          hellmonk_ecumenical_altar_crossroads, corexii_corridor_pit

Action                   || total
-------------------------++-------
Melee: Flail             ||    13
Armor: Scale mail        ||     6
Dodge: Dodged            ||    10
Block: Buckler           ||     1

Table legend: (Time is in decaauts)
 A = Elapsed time spent in this place.
 B = Non-inter-level travel time spent in this place.
 C = Inter-level travel time spent in this place.
 D = Time resting spent in this place.
 E = Time spent auto-exploring this place.
 F = Levels seen in this place.
 G = Mean time per level.
                   A        B        C        D        E       F      G
               +--------+--------+--------+--------+--------+-----+--------+
         Total |    129 |    129 |      0 |      0 |     77 |   1 |  129.0 |
       Dungeon |    129 |    129 |      0 |      0 |     77 |   1 |  129.0 |
               +--------+--------+--------+--------+--------+-----+--------+

Top non-repeatable levels by time:
     D:1: 129 daAuts
